Map: Royal Blood LE

Players

Maldryl - Winner!

  • Race: Zerg Zerg
  • League: Diamond
  • Spawn Location: 1:00

Shane

  • Race: Zerg Zerg
  • League: Master
  • Spawn Location: 7:00

VOD

Have the link to the VOD?

Description

Time

  • Played on: May 12, 2023, 3:13 p.m.
  • Length: 10:23
Show
View Real Time Build Order
Export as new Build Order

Maldryl Zerg - Winner!

Build Orders: Hatch First 

Get SALT Encoding   

  12  0:00  Drone  
  13  0:12  Overlord  
  13  0:16  Drone  
  14  0:30  Drone x2  
  16  0:48  Hatchery  
  15  0:52  Drone  
  15  0:56  Drone  
  17  0:59  Drone  
  18  1:10  Extractor  
  17  1:15  Spawning Pool  
  17  1:18  Drone  
  17  1:21  Drone  
  18  1:27  Drone  
  19  1:40  Drone  
  20  1:50  Drone  
  21  2:02  Spine Crawler  
  21  2:03  Queen, Zergling x4  
  21  2:05  Queen  
  26  2:11  Zergling x4  
  28  2:17  Metabolic Boost  
  28  2:34  Overlord  
  28  2:47  Baneling Nest  
  28  2:49  Drone  
  28  2:53  Drone x4  
  28  2:55  Drone  
  33  3:04  Drone x2  
  35  3:16  Drone  
  36  3:24  Overlord  
  36  3:28  Hatchery  
  36  3:30  Drone  
  36  3:44  Zergling x10  
  36  3:45  Baneling x6  
  36  3:47  Drone  
  42  4:08  Zergling x6  
  43  4:11  Overlord  
  43  4:12  Overlord  
  43  4:15  Hatchery  
  42  4:20  Overlord  
  42  4:29  Evolution Chamber  
  42  4:30  Roach Warren  
  40  4:35  Drone x6  
  40  4:37  Extractor  
  45  4:39  Extractor  
  47  4:45  Zergling x12  
  46  4:56  Zerg Missile Weapons Level 1  
  46  4:59  Drone x2  
  48  5:08  Drone x2  
  48  5:09  Drone x2  
  52  5:18  Drone x2  
  54  5:26  Drone x4  
  58  5:28  Drone  
  58  5:29  Extractor  
  58  5:32  Lair  
  62  5:50  Zergling x16  
  62  5:55  Spore Crawler  
  65  5:58  Spore Crawler x2  
  65  5:59  Spore Crawler  
  65  6:03  Spore Crawler x2  
  60  6:09  Drone x4  
  64  6:15  Queen  
  66  6:24  Zergling x2  
  64  6:31  Zergling x14  
  63  6:37  Zergling x6  
  57  6:49  Drone x3  
  60  6:58  Zerg Ground Armor Level 1, Hydralisk Den  
  58  7:03  Drone x2  
  58  7:04  Drone x3, Queen  
  65  7:18  Overlord  
  65  7:21  Overlord  
  65  7:22  Overlord  
  65  7:30  Glial Reconstitution  
  65  7:42  Overlord x2  
  65  7:47  Overlord  
  63  8:00  Queen x3, Overlord x3  
  68  8:06  Roach x7  
  81  8:17  Spore Crawler  
  75  8:20  Roach x7  
  89  8:31  Overlord x2  
  89  8:32  Overlord  
  86  8:36  Queen  
  86  8:40  Queen  
  78  8:49  Queen  
  78  9:02  Roach x2  
  80  9:11  Queen  
  82  9:17  Queen  
  70  9:26  Hydralisk x7  
  78  9:34  Spore Crawler  
  78  9:37  Spore Crawler  
  76  9:48  Roach x4  
  81  9:57  Overlord x2  
Show
View Real Time Build Order
Export as new Build Order

Shane Zerg 

Build Orders: Pool First 

Get SALT Encoding   

  12  0:00  Drone  
  13  0:13  Overlord  
  13  0:17  Drone  
  14  0:32  Drone  
  14  0:33  Drone  
  16  0:37  Drone  
  17  0:47  Drone, Spawning Pool  
  18  0:57  Drone  
  18  1:11  Hatchery  
  17  1:14  Extractor  
  17  1:16  Drone  
  17  1:34  Queen, Zergling x4  
  21  1:40  Overlord  
  21  1:55  Drone  
  21  2:01  Drone  
  23  2:10  Queen  
  23  2:14  Drone  
  26  2:18  Metabolic Boost  
  26  2:28  Drone  
  27  2:33  Drone  
  27  2:34  Drone  
  27  2:35  Queen  
  31  2:38  Overlord  
  31  2:46  Drone  
  31  2:49  Drone  
  33  2:55  Zergling x4  
  35  2:58  Lair  
  35  3:00  Drone  
  35  3:04  Drone  
  35  3:05  Drone  
  38  3:09  Drone  
  38  3:12  Evolution Chamber  
  38  3:16  Drone, Evolution Chamber  
  38  3:24  Drone x3  
  38  3:25  Drone  
  42  3:32  Overlord  
  42  3:40  Drone x2  
  44  3:42  Extractor  
  44  3:43  Extractor  
  44  3:45  Drone  
  44  3:46  Drone  
  44  3:47  Overlord  
  44  3:51  Overlord  
  44  3:52  Drone x2  
  44  3:53  Drone  
  46  4:04  Drone x2  
  46  4:09  Drone  
  48  4:13  Extractor  
  47  4:19  Zergling x8  
  47  4:20  Zergling x2  
  52  4:31  Overlord  
  52  4:33  Drone x2  
  52  4:35  Drone  
  55  4:52  Queen  
  53  4:54  Queen, Spine Crawler  
  53  4:55  Zergling x4  
  53  4:56  Zergling x8  
  60  5:08  Evolution Chamber  
  60  5:12  Spire  
  58  5:18  Overlord  
  58  5:20  Drone  
  59  5:24  Drone  
  60  5:30  Drone x2  
  62  5:53  Drone  
  62  5:54  Drone x2  
  62  5:56  Overlord  
  62  5:57  Overlord x2  
  65  6:04  Zerg Melee Weapons Level 1  
  49  6:40  Mutalisk  
  49  6:41  Mutalisk x8  
  67  6:56  Hatchery  
  67  7:01  Mutalisk x6  
  65  7:06  Zerg Flyer Weapons Level 1  
  77  7:21  Drone  
  77  7:22  Drone x7  
  85  7:35  Overlord  
  85  7:48  Zergling x2  
  85  7:49  Zergling x10  
  91  8:14  Mutalisk  
  91  8:15  Mutalisk x5  
  97  8:33  Mutalisk  
  97  8:34  Mutalisk x2  
  96  8:54  Overlord  
  94  8:58  Extractor, Mutalisk  
  94  8:59  Extractor, Mutalisk  
  96  9:06  Drone x3  
  96  9:07  Drone x2  
  95  9:32  Mutalisk  
  95  9:33  Mutalisk x2  
  101  9:50  Drone  
  101  9:51  Drone x8  
  101  9:52  Drone x6  
  104  10:06  Hatchery  
Tags
 
Add a new tag
Caveats
  • Supply blocks, unpowered buildings, or Contaminate may cause inaccurate times.
  • Supply counts are checked every 10 seconds.